 Dungeon Crawl Stone Soup version 0.25-a0-341-g6f074c887a (webtiles) character file.

Game seed: 10746926620452284595, levelgen mode: deterministic

1102 PentaManta the Covert (level 8, 0/52 HPs)
             Began as a Vampire Enchanter on Dec 30, 2019.
             Was an Initiate of Okawaru.
             Slain by Prince Ribbit (13 damage)
             ... on level 5 of the Dungeon.
             The game lasted 00:19:17 (4123 turns).

PentaManta the Covert (Vampire Enchanter)           Turns: 4123, Time: 00:19:18

Health: 0/52       AC:  4    Str:  7    XL:     8   Next: 10%
Magic:  2/14       EV: 15    Int: 18    God:    Okawaru [......]
Gold:   176        SH:  6    Dex: 16    Spells: 3/15 levels left

rFire    + . .     SeeInvis +   d - +4 short sword
rCold    + . .     Gourm    .   g - +1 buckler
rNeg     . . .     Faith    .   b - +0 robe
rPois    +         Spirit   .   u - +0 helmet
rElec    .         Reflect  .   p - scarf {rC+ rF+}
rCorr    .         Harm     .   o - +0 pair of gloves
MR       .....                  (no boots)
Stlth    ++++......             (no amulet)
HPRegen  0.37/turn              k - ring of poison resistance
MPRegen  0.14/turn              (no ring)

@: very slightly contaminated, regenerating quickly
A: no food, fangs 3, see invisible, unbreathing
a: Exsanguinate, Renounce Religion


You were on level 5 of the Dungeon.
You worshipped Okawaru.
Okawaru was noncommittal.
You were alive.

You visited 2 branches of the dungeon, and saw 6 of its levels.

You collected 176 gold pieces.

Inventory:

Hand Weapons
 d - a +4 short sword (weapon)
 q - a +1 dagger of venom
 w - a +0 long sword
Missiles
 r - 13 poisoned darts (quivered)
 v - 2 throwing nets
Armour
 b - a +0 robe (worn)
 g - a +1 buckler (worn)
 o - a +0 pair of gloves (worn)
 p - a scarf of resistance (worn)
 u - a +0 helmet (worn)
Jewellery
 k - a ring of poison resistance (left hand)
Wands
 m - a wand of polymorph (14)
Scrolls
 a - 2 scrolls of remove curse
 c - 2 scrolls of teleportation
 f - a scroll of blinking
Potions
 e - 3 potions of resistance
 h - 2 potions of mutation
 i - a potion of berserk rage
 j - a potion of agility
 l - 2 potions of lignification
 n - 2 potions of flight
 t - 2 potions of heal wounds {unknown}


   Skills:
 - Level 1.1(2.4) Short Blades
 + Level 3.1(3.2) Long Blades
 + Level 5.1 Dodging
 + Level 8.1 Stealth
 + Level 2.7 Shields
 - Level 4.0 Spellcasting
 - Level 7.0 Hexes


You had 3 spell levels left.
You knew the following spells:

 Your Spells              Type           Power        Failure   Level  Hunger
a - Corona                Hex            ####...      1%          1    N/A
b - Ensorcelled Hibernat  Hex/Ice        ###...       6%          2    N/A
c - Confuse               Hex            ####....     2%          3    N/A
d - Tukima's Dance        Hex            ####....     2%          3    N/A
e - Dazzling Flash        Conj/Hex       ###...       12%         3    N/A

Your spell library contained the following spells:

 Spells                   Type           Power        Failure   Level  Hunger


Dungeon Overview and Level Annotations

Branches:
Dungeon (5/15)             Temple (1/1) D:5

Altars:
Ashenzari
Cheibriados
Elyvilon
Fedhas
Hepliaklqana
Kikubaaqudgha
Makhleb
Nemelex Xobeh
Okawaru
Qazlal
Vehumet
Wu Jian
Xom
The Shining One

Shops:
D:4 :

Annotations:
D:5 3 runed translucent doors, exclusion: statue, Prince Ribbit; mrsnowman's ghost, novice DsFi


Innate Abilities, Weirdness & Mutations

You do not eat.
Your natural rate of healing is unusually fast.
You have razor-sharp teeth.
You have supernaturally acute eyesight. (SInv)
You can survive without breathing.


Message History

Prince Ribbit blinks!
Throwing (i - inventory. (/) - cycle)
r - 15 poisoned darts (quivered)
Press: ? - help, Shift-Dir - straight line, f/p - Prince Ribbit
Aim: Prince Ribbit (almost dead, softly glowing)
You throw a poisoned dart. The poisoned dart hits Prince Ribbit.
Prince Ribbit is poisoned.
Prince Ribbit is almost dead.
Throwing (i - inventory. (/) - cycle)
r - 14 poisoned darts (quivered)
Press: ? - help, Shift-Dir - straight line, f/p - Prince Ribbit
Aim: Prince Ribbit (almost dead, poisoned, softly glowing)
You throw a poisoned dart. The poisoned dart hits Prince Ribbit.
Prince Ribbit looks even sicker.
Prince Ribbit is almost dead.
Prince Ribbit hits you!
* * * LOW HITPOINT WARNING * * *
You completely miss Prince Ribbit.
Prince Ribbit is almost dead.
The orc shouts!
Prince Ribbit hits you!
You die...

.._.. #........#
#....
.....##........#
#....
...........>...#
#....
#..............#
##....
.#.###.########
#..... #####8..#
##.[... ....#.(.##
.......
##.o#..>.## ######
8#..#.%.F@# #
.##..#..#.........
### #
(.#.#......####..
..## #
..#.+....5.. ...#
# W#.+.....#.#
#..## .#.+.....#..
##....
#.#.....#### .
#..... ..#.....#
....#..) #....⌠.


You could see Prince Ribbit, a crimson imp and an orc.

Vanquished Creatures
  Grinder (D:3)
  An ogre (D:5)
  2 centaurs (D:5)
  A scorpion (D:4)
  A howler monkey (D:4)
  A crimson imp (D:5)
  A centaur skeleton (D:4)
  A bullfrog skeleton (D:5)
  An orc priest (D:4)
  An iguana (D:4)
  Ijyb (D:4)
  2 worker ants (D:4)
  Natasha (thrice) (D:2)
  2 orc wizards (Temple)
  A hound zombie (D:5)
  5 adders
  5 gnolls
  An adder skeleton (D:5)
  3 worms
  4 dart slugs
  3 leopard geckos
  15 orcs
  3 giant cockroaches
  8 goblins
  7 hobgoblins
  12 jackals
  2 quokkas
  A ball python (D:2)
  4 frilled lizards
  2 jackal zombies (D:5)
  9 kobolds
  A quokka skeleton (D:4)
  7 rats
112 creatures vanquished.

Vanquished Creatures (others)
  A worker ant (D:3)
  A frilled lizard (D:3)
2 creatures vanquished.

Grand Total: 114 creatures vanquished

Notes
Turn   | Place    | Note
-------+----------+-------------------------------------------
     0 | D:1      | PentaManta the Vampire Enchanter began the quest for the
                  | Orb.
     0 | D:1      | Reached XP level 1. HP: 13/13 MP: 3/3
   160 | D:1      | Reached XP level 2. HP: 16/19 MP: 3/5
   231 | D:1      | Learned a level 2 spell: Ensorcelled Hibernation
   326 | D:1      | Reached skill level 5 in Hexes
   683 | D:2      | Reached XP level 3. HP: 24/24 MP: 6/6
   712 | D:2      | Learned a level 3 spell: Confuse
   825 | D:2      | Noticed Natasha
   835 | D:2      | Killed Natasha
   835 | D:2      | Reached skill level 5 in Stealth
   872 | D:2      | Noticed Natasha
   881 | D:2      | Killed Natasha
   881 | D:2      | Reached XP level 4. HP: 30/30 MP: 8/8
   886 | D:2      | Learned a level 3 spell: Tukima's Dance
   898 | D:2      | Noticed Natasha
   907 | D:2      | Killed Natasha
   920 | D:2      | Found a faded altar of an unknown god.
   999 | D:2      | Found a glowing golden altar of the Shining One.
  1619 | D:3      | Reached XP level 5. HP: 35/35 MP: 9/9
  1905 | D:3      | Noticed Grinder
  1921 | D:3      | Killed Grinder
  1921 | D:3      | Reached skill level 6 in Stealth
  1921 | D:3      | Reached XP level 6. HP: 11/41 MP: 7/12
  2095 | D:3      | Learned a level 3 spell: Dazzling Flash
  2171 | D:3      | Found a stormy altar of Qazlal.
  2466 | D:4      | Found Biruh's Book Shop.
  2542 | D:4      | Reached skill level 1 in Long Blades
  2786 | D:4      | Reached skill level 1 in Shields
  2786 | D:4      | Reached XP level 7. HP: 46/46 MP: 9/13
  3025 | D:4      | Noticed Ijyb
  3032 | D:4      | Killed Ijyb
  3032 | D:4      | Reached skill level 7 in Stealth
  3339 | D:5      | Entered Level 5 of the Dungeon
  3339 | D:5      | Found a staircase to the Ecumenical Temple.
  3346 | Temple   | Entered the Ecumenical Temple
  3381 | Temple   | Became a worshipper of Warmaster Okawaru
  3892 | D:5      | Found a radiant altar of Vehumet.
  3984 | D:5      | Reached skill level 5 in Dodging
  3984 | D:5      | Reached XP level 8. HP: 37/52 MP: 14/14
  4007 | D:5      | Reached skill level 8 in Stealth
  4105 | D:5      | Found a shimmering altar of Xom.
  4107 | D:5      | Found a runed translucent gate.
  4108 | D:5      | Found a runed translucent gate.
  4109 | D:5      | Found a runed translucent gate.
  4110 | D:5      | Noticed mrsnowman's ghost (novice DsFi)
  4110 | D:5      | Noticed Prince Ribbit
  4123 | D:5      | Slain by Prince Ribbit

Levels and vault maps discovered:
D:1:      nzn_arrival_water_spiral, layout_loops_ring, minmay_misc_feat_x,
          minmay_small_reverse_x
D:2:      layout_basic, tso_oasis_becter,
          chequers_ecumenical_altar_simple_redux, uniq_natasha
D:3:      layout_loops_ring, grunt_qazlal_clouds, fountainhead, uniq_grinder
D:4:      layout_loops_ring, serial_shops, shop, moated_statue, uniq_ijyb
D:5:      lemuel_upstairs_altar, layout_rooms, tgw_trog, vehumet_statue,
          temple_fountains, basic_altar, first_ration,
          biasface_ghost_orc_armoury, uniq_prince_ribbit1,
          uniq_crazy_yiuf_cottage
Temple:   grunt_temple_mini_profane

Skill      XL: |  1  2  3  4  5  6  7  8 |
---------------+-------------------------+-----
Hexes          | 5 6 7 |  7.0
Stealth        | 5 6 7 8 |  8.1
Spellcasting   | 3 4 |  4.0
Dodging        | 3 4 5 |  5.1
Long Blades    | 1 3 |  3.1
Shields        | 1 2 |  2.7
Short Blades   | |  1.1

Action                   |  1- 3 |  4- 6 |  7- 9 || total
-------------------------+-------+-------+-------++-------
Melee: Dagger            |    22 |       |       ||    22
       Bite              |     7 |    12 |    11 ||    30
       Short sword       |    49 |   134 |   143 ||   326
Throw: Dart              |       |       |     2 ||     2
 Cast: Corona            |     1 |     4 |     5 ||    10
       Ensorcelled Hiber |     2 |    13 |    30 ||    45
       Confuse           |       |     1 |     3 ||     4
  Use: Scroll            |       |     9 |     4 ||    13
       Potion            |       |     1 |     3 ||     4
 Stab: Sleeping          |     6 |    13 |    17 ||    36
       Confused          |       |     3 |       ||     3
       Distracted        |       |       |     1 ||     1
Armor: Skin              |    10 |       |       ||    10
       Robe              |       |     8 |    14 ||    22
Dodge: Dodged            |    27 |    99 |    72 ||   198
Block: Buckler           |       |       |    39 ||    39

Table legend:
 A = Non-vault XP
 B = Vault XP
 C = Vault XP percentage of total XP
 D = Non-vault monster count
 E = Vault monster count
 F = Vault count percentage of total count
                 A         B        C        D         E       F
            +---------+---------+-------+---------+---------+-------
      Total |    1213 |     362 |  23.0 |     105 |       7 |   6.2
            +---------+---------+-------+---------+---------+-------
        D:1 |      34 |       5 |  12.8 |      11 |       4 |  26.7
        D:2 |     109 |      35 |  24.3 |      23 |       1 |   4.2
        D:3 |      66 |     286 |  81.2 |      20 |       1 |   4.8
        D:4 |     442 |      36 |   7.5 |      31 |       1 |   3.1
        D:5 |     485 |       0 |   0.0 |      17 |       0 |   0.0
     Temple |      77 |       0 |   0.0 |       3 |       0 |   0.0
            +---------+---------+-------+---------+---------+-------
